 Dungeon Crawl Stone Soup version 0.31-a0-986-g5e6e4ef867 (webtiles) character file.

Game seed: 1367104274337181918

304 demibob the Poker (level 6, -3/36 HPs)
             Began as a Deep Elf Chaos Knight on Nov 19, 2023.
             Was a Plaything of Xom.
             Slain by an ogre
             ... wielding a +0 giant club
              (9 damage)
             ... on level 5 of the Dungeon.
             The game lasted 00:05:23 (2934 turns).

demibob the Poker (Deep Elf Chaos Knight)           Turns: 2934, Time: 00:05:24

Health: -3/36      AC: 22    Str:  8 (9)  XL:     6   Next: 15%
Magic:  8/8        EV:  4    Int: 16 (19) God:    Xom [..*...]
Gold:   121        SH:  0    Dex: 11 (14) Spells: 5/5 levels left

rFire   . . .        g - +1 spear (heavy)
rCold   . . .        (no shield)
rNeg    . . .        e - +13 chain mail of a bailey {rPois}
rPois   +            (no helmet)
rElec   .            b - +0 cloak
rCorr   .            (no gloves)
SInv    .            (no boots)
Will    .....        (no amulet) Stlth
                     (no ring)
HPRegen 0.26/turn    (no ring)
MPRegen 0.11/turn

%: no passive effects
@: no status effects
A: noise suppression
a: Renounce Religion


You were on level 5 of the Dungeon.
You worshipped Xom.
You were a toy of Xom.
You visited 1 branch of the dungeon, and saw 5 of its levels.

You collected 121 gold pieces.


Innate Abilities, Weirdness & Mutations

You passively dampen the noise of your surroundings.


   Skills:
 - Level 2.4 Fighting
 - Level 3.3(3.6) Polearms
 + Level 2.5(3.9) Staves
 - Level 1.5 Armour
 - Level 2.4 Dodging
 + Level 2.7 Ice Magic
 + Level 2.7 Evocations


You had 5 spell levels left.
You didn't know any spells.
Your spell library contained the following spells:

 Spells                   Type           Power      Damage    Failure   Level
 Iskenderun's Battlesphe  Conj           0%         2d6       100%        5
 Bombard                  Conj/Erth      0%         9d1       100%        6
 Spellforged Servitor     Conj/Summ      0%         N/A       100%        7

Inventory:

Hand Weapons
 g - a +1 heavy spear (weapon)
Armour
 b - a +0 cloak (worn)
 e - the +13 chain mail of a bailey (worn) {rPois}
   (You found it on level 2 of the Dungeon)

   rPois:     It protects you from poison
Magical Staves
 a - a staff of cold {!a}
Scrolls
 f - a scroll of teleportation {@r2}
 j - a scroll of enchant weapon
Potions
 c - 2 potions of mutation
 d - 2 potions of brilliance
 h - a potion of degeneration

Dungeon Overview and Level Annotations

Branches:
Dungeon (5/15)             Temple (0/1) D:5

Altars:

#..<### ▒.....▒
... ▒.....▒ #.
▒..>..▒ ▒.....▒
. ▒.....▒ ..
▒▒▒.▒▒▒ ...
▒...▒ .... ▒.8.▒
..... ▒.@.▒
......▒▒O▒▒..#.
................
........#.......
........#..$../.
........########
........#
.......##
#######


You could see an ogre.


Message History

You hit the ogre.
The ogre is moderately wounded.
The ogre hits you with a +0 giant club!
You hit the ogre.
The ogre is heavily wounded.
The ogre hits you but does no damage.
You hit the ogre.
The ogre is heavily wounded.
The ogre hits you with a +0 giant club!
You hit the ogre.
The ogre is heavily wounded.
The ogre hits you with a +0 giant club!
* * * LOW HITPOINT WARNING * * *
You are too injured to fight recklessly!
Unknown command.
Okay, then.
Okay, then.
It was a potion of degeneration.
There was something very wrong with that liquid.
You feel weakened.
You feel dopey.
You feel clumsy.
Xom thinks this is hilarious!
The ogre hits you with a +0 giant club.
* * * LOW HITPOINT WARNING * * *
It was a potion of magic.
Magic courses through your body.
Xom thinks this is hilarious!
Okay, then.
You puncture the ogre!
The ogre is almost dead.
The ogre hits you with a +0 giant club!
You die...

Skill      XL: |  1  2  3  4  5 |
---------------+----------------+-----
Polearms       | 3 |  3.3
Armour         | 1 |  1.5
Staves         | 1 2 |  2.5
Ice Magic      | 1 2 |  2.7
Evocations     | 1 2 |  2.7
Fighting       | |  2.4
Dodging        | |  2.4

Action                     |  1- 3 |  4- 6 || total
---------------------------+-------+-------++-------
  Melee: Spear             |   140 |    64 ||   204
         Punch             |     3 |       ||     3
         Staff             |    14 |   162 ||   176
    Use: Scroll            |     7 |     3 ||    10
         Potion            |     3 |     4 ||     7
   Stab: Sleeping          |     1 |     1 ||     2
         Paralysed         |     1 |       ||     1
         Confused          |     2 |       ||     2
 Armour: Leather armour    |    30 |       ||    30
         Chain mail        |    54 |   220 ||   274
  Dodge: Dodged            |    62 |    46 ||   108

Levels and vault maps discovered:
D:1:      dpeg_arrival_rooms_c, layout_loops_corners, minmay_split_cup_small
D:2:      layout_loops_ring, ebering_ecumenical_altar_abandoned, minmay_domino_4
D:3:      layout_basic, nicolae_titane
D:4:      layout_loops_ring, nzn_overflow_gifts_of_might_and_magic
D:5:      layout_rooms, okawaru_trees_1, minmay_temple_entry_antechambers,
          uniq_sigmund

Notes
Turn   | Place    | Note
-------+----------+-------------------------------------------
     0 | D:1      | demibob the Deep Elf Chaos Knight began the quest for the
                  | Orb.
     0 | D:1      | Reached XP level 1. HP: 13/13 MP: 3/3
   126 | D:1      | XOM: divination: detect items
   357 | D:1      | XOM: enchant monster (good)
   385 | D:1      | Reached XP level 2. HP: 17/18 MP: 4/4
   580 | D:1      | XOM: smoke on damage
   584 | D:1      | XOM: cloud trail
   664 | D:1      | Reached skill level 3 in Polearms
   749 | D:1      | XOM: give mutation
   749 | D:1      | Gained mutation: You passively dampen the noise of your
                  | surroundings. [Xom's grace]
   783 | D:1      | XOM: cloud trail
   879 | D:1      | XOM: silly message
  1084 | D:2      | Identified the +13 chain mail of a bailey {rPois}
  1128 | D:2      | Reached skill level 1 in Armour
  1128 | D:2      | Reached XP level 3. HP: 21/22 MP: 5/5
  1159 | D:2      | Found a faded altar of an unknown god.
  1333 | D:2      | XOM: divination: detect items
  1362 | D:2      | XOM: cloud trail
  1798 | D:3      | Reached XP level 4. HP: 20/27 MP: 6/6
  1838 | D:3      | XOM: 6-stop teleportation journey
  1944 | D:3      | XOM: divine lightning
  1945 | D:3      | XOM: god gift: scroll labelled KIEPSU OMAFIST {god gift}
  1951 | D:3      | Reached skill level 1 in Staves
  1951 | D:3      | Reached skill level 1 in Ice Magic
  1951 | D:3      | Reached skill level 1 in Evocations
  2167 | D:3      | XOM: god gift: white potion {god gift}
  2195 | D:3      | XOM: scenery: summon butterflies
  2309 | D:3      | XOM: noise
  2320 | D:3      | XOM: butterfly on damage
  2332 | D:3      | Reached XP level 5. HP: 13/31 MP: 7/7
  2411 | D:3      | XOM: silly message
  2533 | D:3      | Reached skill level 2 in Ice Magic
  2631 | D:3      | XOM: silly message
  2788 | D:4      | Identified the of Rygur
  2827 | D:4      | XOM: potion effect (might)
  2829 | D:4      | Reached skill level 2 in Evocations
  2851 | D:4      | XOM: divination: detect items
  2864 | D:4      | XOM: 5-stop teleportation journey
  2868 | D:4      | Reached skill level 2 in Staves
  2880 | D:4      | You fall into a shaft and drop 1 floor!
  2880 | D:5      | Entered Level 5 of the Dungeon
  2889 | D:5      | Found a staircase to the Ecumenical Temple.
  2900 | D:5      | Reached XP level 6. HP: 36/36 MP: 8/8
  2934 | D:5      | Slain by an ogre

Vanquished Creatures
  A howler monkey (D:5)
  A hound (D:5)
  A jelly (D:4)
  An orc priest (D:3)
  2 orc wizards (D:3)
  3 adders
  2 worms (D:2)
  2 dart slugs
  10 orcs (D:3)
  8 endoplasms
  3 giant cockroaches
  4 goblins
  6 hobgoblins
  4 jackals (D:2)
  4 kobolds
  3 quokkas
  8 ball pythons
  6 bats
  5 frilled lizards
  7 rats
81 creatures vanquished.

Vanquished Creatures (others)
  An orc wizard (D:3)
  2 orcs (D:3)
3 creatures vanquished.

Grand Total: 84 creatures vanquished

Table legend: (Time is in decaauts)
 A = Elapsed time spent in this place.
 B = Non-inter-level travel time spent in this place.
 C = Inter-level travel time spent in this place.
 D = Time resting spent in this place.
 E = Time spent auto-exploring this place.
 F = Levels seen in this place.
 G = Mean time per level.
                   A        B        C        D        E       F      G
               +--------+--------+--------+--------+--------+-----+--------+
         Total |   2994 |   2933 |     61 |     29 |   2178 |   5 |  598.8 |
       Dungeon |   2994 |   2933 |     61 |     29 |   2178 |   5 |  598.8 |
               +--------+--------+--------+--------+--------+-----+--------+

Top non-repeatable levels by time:
     D:3: 1120 daAuts
     D:1: 1032 daAuts
     D:2: 682 daAuts
     D:4: 96 daAuts
     D:5: 62 daAuts

Table legend:
 A = Non-vault XP
 B = Vault XP
 C = Vault XP percentage of total XP
 D = Non-vault monster count
 E = Vault monster count
 F = Vault count percentage of total count
                 A         B        C        D         E       F
            +---------+---------+-------+---------+---------+-------
      Total |     412 |      23 |   5.3 |      76 |       6 |   7.3
            +---------+---------+-------+---------+---------+-------
        D:1 |      25 |       7 |  21.9 |      17 |       3 |  15.0
        D:2 |      44 |      16 |  26.7 |      23 |       3 |  11.5
        D:3 |     170 |       0 |   0.0 |      28 |       0 |   0.0
        D:4 |      61 |       0 |   0.0 |       5 |       0 |   0.0
        D:5 |     112 |       0 |   0.0 |       3 |       0 |   0.0
            +---------+---------+-------+---------+---------+-------
